 Dungeon Crawl Stone Soup version 0.32-a0-931-g5a2cda0630 (webtiles) character file.

Game seed: 15056064084283882692

338 Gruesome the Magician (level 6, -8/32 HPs)
             Began as a Deep Elf Earth Elementalist on Apr 13, 2024.
             Mangled by Hans's ghost (10 damage)
             ... on level 4 of the Dungeon.
             The game lasted 00:10:10 (3374 turns).

Gruesome the Magician (Deep Elf Earth Elementalist) Turns: 3374, Time: 00:10:11

Health: -8/32      AC:  5    Str:  5    XL:     6   Next: 29%
Magic:  4/15       EV: 13    Int: 22    God:
Gold:   128        SH:  0    Dex: 15    Spells: 11/15 levels left

rFire   . . .        f - staff of alchemy
rCold   . . .        (no shield)
rNeg    + . .        q - +1 robe {rN+}
rPois   +            (no helmet)
rElec   .            o - +0 cloak
rCorr   .            p - +0 pair of gloves
SInv    .            (no boots)
Will    +....        (no amulet)
Stlth   ++           r - ring of willpower
HPRegen 0.25/turn    (no ring)
MPRegen 0.14/turn

%: no passive effects
@: very slightly contaminated, hasted, very quick
A: no striking features
a: no special abilities


You were on level 4 of the Dungeon.
You visited 1 branch of the dungeon, and saw 5 of its levels.

You collected 224 gold pieces.
You spent 96 gold pieces at shops.

Inventory:

Armour
 o - a +0 cloak (worn)
 p - a +0 pair of gloves (worn)
 q - a +1 robe of positive energy (worn)
Magical Staves
 f - a staff of alchemy (weapon)
Jewellery
 j - a ring of ice
 r - a ring of willpower (left hand)
Wands
 n - a wand of charming (9)
Scrolls
 d - 2 scrolls of noise
 g - 2 scrolls of identify
 h - a scroll of blinking
 i - a scroll of enchant armour
 m - a scroll of vulnerability
Potions
 a - a potion of mutation
 b - a potion of magic
 c - 4 potions of curing
 e - 4 potions of might
 s - 2 potions of enlightenment


   Skills:
 + Level 4.5 Dodging
 - Level 2.4 Stealth
 + Level 5.1 Spellcasting
 + Level 3.5 Conjurations
 + Level 4.8 Earth Magic


You had 11 spell levels left.
You knew the following spells:

 Your Spells              Type           Power      Damage    Failure   Level
a - Sandblast             Erth           52%        2d12      1%          1
b - Stone Arrow           Conj/Erth      48%        3d10      5%          3

Your spell library contained the following spells:

 Spells                   Type           Power      Damage    Failure   Level
 Shock                    Conj/Air       52%        1d6       4%          1
 Passwall                 Erth           26%        N/A       4%          3
 Brom's Barrelling Bould  Conj/Erth      24%        2d5       19%         4
 Swiftness                Air            5%         N/A       30%         3
 Petrify                  Alch/Erth      24%        N/A       36%         4
 Airstrike                Air            2%         2d(1-17)  69%         4


Dungeon Overview and Level Annotations

Branches:
Dungeon (5/15)
 Temple: D:4-7

Altars:
Nemelex Xobeh
Wu Jian
Xom

Shops:
D:1 [[==*

Annotations:
D:4 Hans's ghost, amateur MfSh


Message History

Casting: Sandblast (safe; 1% risk of failure)
Confirm with . or Enter, or press ? or * to list all spells.
Aiming: Sandblast (safe; 1% risk of failure)
Press: ? - help, Shift-Dir - straight line, f/p - Hans's ghost
Aim: Hans's ghost (heavily damaged, 85% to hit)
The blast of sand hits Hans's ghost but does no damage.
Hans's ghost is heavily damaged.
Hans's ghost barely misses you. Hans's ghost hits you.
Unknown command.
Casting: Sandblast (safe; 1% risk of failure)
Confirm with . or Enter, or press ? or * to list all spells.
Aiming: Sandblast (safe; 1% risk of failure)
Press: ? - help, Shift-Dir - straight line, f/p - Hans's ghost
Aim: Hans's ghost (heavily damaged, 85% to hit)
You miscast Sandblast.
You are very lightly contaminated with residual magic.
Nothing appears to happen.
Hans's ghost hits you but does no damage.
Casting: Sandblast (safe; 1% risk of failure)
Confirm with . or Enter, or press ? or * to list all spells.
Aiming: Sandblast (safe; 1% risk of failure)
Press: ? - help, Shift-Dir - straight line, f/p - Hans's ghost
Aim: Hans's ghost (heavily damaged, 85% to hit)
The blast of sand hits Hans's ghost!
Hans's ghost is severely damaged.
Hans's ghost closely misses you.
Unknown command.
Casting: Sandblast (safe; 1% risk of failure)
Confirm with . or Enter, or press ? or * to list all spells.
Aiming: Sandblast (safe; 1% risk of failure)
Press: ? - help, Shift-Dir - straight line, f/p - Hans's ghost
Aim: Hans's ghost (severely damaged, 85% to hit)
The blast of sand hits Hans's ghost!
Hans's ghost is almost destroyed.
Hans's ghost hits you!
* * * LOW HITPOINT WARNING * * *
Hans's ghost hits you!
* * * LOW HITPOINT WARNING * * *
You feel yourself speed up. Hans's ghost hits you!
You die...

#...##### #~~~#
#.......# #~(~##.
###.....# #~~~#..
#....... #~~~#..
#......# #~~~#.##
#.#....) #SS~#..
#.#.#### ##W##.#
#.#.####
#.#.@.#.######.....[.
#................).†.
#####.##########.####
#.. ..... ####
###.... ###### ......
###### ....


You could see Hans's ghost and 2 ball pythons.

Vanquished Creatures
  A black bear (D:4)
  A bullfrog (D:4)
  A hound (D:5)
  Crazy Yiuf (D:2)
  An orc priest (D:4)
  3 adders
  A ribbon worm (D:2)
  4 orcs
  4 ball pythons
  7 endoplasms
  8 giant cockroaches
  4 goblins
  5 hobgoblins
  4 kobolds
  2 quokkas (D:3)
  7 bats
  2 frilled lizards (D:2)
  5 rats
61 creatures vanquished.

Notes
Turn   | Place    | Note
-------+----------+-------------------------------------------
     0 | D:1      | Gruesome the Deep Elf Earth Elementalist began the quest
                  | for the Orb.
     0 | D:1      | Reached XP level 1. HP: 10/10 MP: 6/6
     8 | D:1      | Found Othodiuc's Armour Boutique.
    46 | D:1      | Found Macsuenn's Jewellery Boutique.
   243 | D:1      | Found Zehy's General Store.
   295 | D:1      | Reached XP level 2. HP: 15/15 MP: 6/8
   377 | D:1      | Found Kubemit's Antique Armour Shoppe.
   694 | D:1      | Found Juteng's Jewellery Boutique.
   940 | D:2      | Reached XP level 3. HP: 19/19 MP: 7/10
  1163 | D:2      | Found a runed translucent door.
  1164 | D:2      | Noticed Crazy Yiuf
  1527 | D:2      | Found a shimmering altar of Xom.
  1834 | D:2      | Killed Crazy Yiuf
  1835 | D:2      | Reached XP level 4. HP: 7/24 MP: 8/11
  2124 | D:3      | Found a faded altar of an unknown god.
  2380 | D:1      | Bought a glowing robe for 96 gold pieces
  2514 | D:3      | Reached skill level 4 in Spellcasting
  2745 | D:3      | Found an ornate altar of the Wu Jian Council.
  2946 | D:4      | Found a sparkling altar of Nemelex Xobeh.
  3115 | D:4      | Noticed a black bear
  3120 | D:4      | Killed a black bear
  3121 | D:4      | Reached XP level 5. HP: 28/28 MP: 9/13
  3135 | D:4      | Learned a level 3 spell: Stone Arrow
  3315 | D:5      | Entered Level 5 of the Dungeon
  3356 | D:4      | Found a runed translucent door.
  3357 | D:4      | Noticed Hans's ghost (amateur MfSh)
  3364 | D:4      | Reached skill level 5 in Spellcasting
  3364 | D:4      | Reached XP level 6. HP: 32/32 MP: 12/15
  3374 | D:4      | Mangled by Hans's ghost

Illustrated notes

Levels and vault maps discovered:
D:1:      erik_arrival_blinker_ship, layout_loops_ring, serial_shops, shop,
          shop, shop, shop, nicolae_shop_peninsula, minmay_pentomino_o2
D:2:      wad_lake_hut, layout_basic, basic_altar, minmay_ruptured,
          uniq_crazy_yiuf_cottage
D:3:      layout_loops_ring, mainiacjoe_overflow_24_doors,
          dreamdust_ecumenical_altar_angels_and_demons
D:4:      layout_basic, nemelex_spade_bored_becter, ebering_ghost_sewer_f,
          cheibrodos_sewer_entry_bend
D:5:      layout_basic, bloody_makhleb, chequers_hall_statues_y,
          chequers_serial_rivers_micro_c

Skill      XL: |  1  2  3  4  5 |
---------------+----------------+-----
Dodging        | 3 4 |  4.5
Conjurations   | 2 3 |  3.5
Earth Magic    | 4 |  4.8
Spellcasting   | 4 5 |  5.1
Stealth        | |  2.4

Action                     |  1- 3 |  4- 6 || total
---------------------------+-------+-------++-------
   Cast: Sandblast         |    44 |    53 ||    97
    Use: Scroll            |     3 |     9 ||    12
         Potion            |       |     1 ||     1
 Armour: Robe              |     2 |    18 ||    20
  Dodge: Dodged            |     4 |    18 ||    22

Table legend: (Time is in decaauts)
 A = Elapsed time spent in this place.
 B = Non-inter-level travel time spent in this place.
 C = Inter-level travel time spent in this place.
 D = Time resting spent in this place.
 E = Time spent auto-exploring this place.
 F = Levels seen in this place.
 G = Mean time per level.
                   A        B        C        D        E       F      G
               +--------+--------+--------+--------+--------+-----+--------+
         Total |   3463 |   3263 |    200 |      0 |   2692 |   5 |  692.6 |
       Dungeon |   3463 |   3263 |    200 |      0 |   2692 |   5 |  692.6 |
               +--------+--------+--------+--------+--------+-----+--------+

Top non-repeatable levels by time:
     D:2: 1263 daAuts
     D:3: 889 daAuts
     D:1: 828 daAuts
     D:4: 472 daAuts
     D:5: 9 daAuts
